 Dungeon Crawl Stone Soup version 0.29-a0-284-gf9362112df (webtiles) character file.

Game seed: 11170575268197062790

213 spaghetti the Sneak (level 5, -4/36 HPs)
             Began as a Demonspawn Earth Elementalist on Mar 21, 2022.
             Killed by divine providence
             ... invoked by an orc priest
              (12 damage)
             ... on level 3 of the Dungeon.
             The game lasted 00:03:54 (1489 turns).

spaghetti the Sneak (Demonspawn Earth Elementalist) Turns: 1489, Time: 00:03:54

Health: -4/36      AC:  3    Str:  8    XL:     5   Next: 59%
Magic:  6/8        EV: 12    Int: 19    God:
Gold:   42         SH:  5    Dex: 13    Spells: 2/8 levels left

rFire   . . .      SeeInvis .   d - +0 scythe (venom) {polearm}
rCold   . . .      Faith    .   (shield currently unavailable)
rNeg    . . .      Spirit   .   l - +0 robe {Will+}
rPois   .          Reflect  +   (no helmet)
rElec   .          Harm     .   (no cloak)
rCorr   .          Rampage  .   (no gloves)
Will    +....                   (no boots)
Stlth   +++.......              f - amulet of reflection
HPRegen 0.12/turn               (no ring)
MPRegen 0.22/turn               (no ring)

@: hasted, very quick
A: rugged brown scales 1, spiny 1, magic regeneration
a: no special abilities


You were on level 3 of the Dungeon.
You visited 1 branch of the dungeon, and saw 3 of its levels.

You collected 42 gold pieces.


Innate Abilities, Weirdness & Mutations

You are partially covered in rugged brown scales. (AC +1, +3% HP)
You are partially covered in sharp spines.
You regenerate magic rapidly.


   Skills:
 - Level 1.7 Dodging
 + Level 5.9 Stealth
 - Level 2.0 Spellcasting
 - Level 0.8 Transmutations
 - Level 2.6 Earth Magic


You had 2 spell levels left.
You knew the following spells:

 Your Spells              Type           Power      Damage    Failure   Level
a - Sandblast             Erth           24%        2d8       5%          1
b - Passwall              Tmut/Erth      6%         N/A       12%         2
c - Stone Arrow           Conj/Erth      14%        3d7       28%         3

Your spell library contained the following spells:

 Spells                   Type           Power      Damage    Failure   Level
 Petrify                  Tmut/Erth      8%         N/A       63%         4

Inventory:

Hand Weapons
 d - a +0 scythe of venom (weapon) {polearm}
   (You took it off Sigmund on level 3 of the Dungeon)
Missiles
 a - 43 stones {throwing}
Armour
 b - a +0 robe
 l - a +0 robe of willpower (worn)
   (You took it off Sigmund on level 3 of the Dungeon)
Jewellery
 f - an amulet of reflection (around neck)
   (You found it on level 2 of the Dungeon)
Scrolls
 i - a scroll of enchant armour
 k - 2 scrolls of identify {@r1}
Potions
 c - a potion of magic

Dungeon Overview and Level Annotations

Branches:
Dungeon (3/15)

Altars:
Elyvilon

Shops:
D:2

: #.#.#
#...†...######
#.#o# ####.####
# # #o#.####
######.# #
#.##...o..#
#......# #
#......##.#
#.###### ##
#o####.# #.#
##. #o{..#.#
#.# #..
#.##o#.######.#
#..
#.##.o.{...@).#
#..
#......########
##. ########
... ###. #. ##


You could see an orc priest and an orc.


Message History

a - 44 stones {throwing} (gained 26)
Things that are here:
a +0 mace {mace}; a +0 chain mail An orc comes into view.
It is wielding a +0 short sword.
Aiming: Sandblast (safe; 5% risk of failure)
Press: ? - help, Q - select action, (/) - cycle Shift-Dir - straight line, f - orc
Aim: an orc, wielding a +0 short sword and wearing a +0 leather armour (79% to hit)
The blast of sand hits the orc. 😎 MP[-1]
You lost 1 mp, and now have 7/8 mp.
You slash the orc!
You kill the orc!
Things that are here:
a +0 short sword {short}; a +0 leather armour; an orc corpse 😎 MP[+1]
Your mp is fully restored (8).
A rat comes into view.
A rat is nearby!
The helpless rat fails to defend itself.
You hit the rat.
You kill the rat!
You see here a rat corpse.
You see here a +0 trident {polearm}.
A frilled lizard comes into view. 2 orcs and an orc wizard come into view.
An orc comes into view.
It is wielding a +0 flail. 2 orcs and 2 orc priests come into view.
The frilled lizard hisses angrily.
The orc wizard shouts!
You hear a shout!
The orc shouts!
The orc wizard mumbles some strange words.
The orc wizard flickers and vanishes!
Deactivating autopickup; reactivate with Ctrl-A.
The orc hits you with a +0 short sword.
The orc shouts!
The orc priest shouts!
The orc shouts! 😕 HP[-4]
You take 4 damage, and now have 32/36 hp.
Unknown command.
The orc attacks as you move away! The orc is struck by your spines.
The orc hits you with a +0 short sword. 😕 HP[-3]
You take 3 damage, and now have 29/36 hp.
Reach: d) +0 scythe (venom) {polearm}
Press: ? - help, Dir - move target, f - frilled lizard
Aim: a frilled lizard (about 87% to evade your +0 scythe of venom)
Something you can't see is in the way.
You miss something.
The orc shouts!
An orc comes into view. It is wielding a +2 mace of holy wrath.
Something hits you but does no damage. Something hits you. 😕 HP[-1]
You take 1 damage, and now have 28/36 hp.
Reach: d) +0 scythe (venom) {polearm}
Press: ? - help, Dir - move target, f/p - frilled lizard
Aim: a frilled lizard (about 87% to evade your +0 scythe of venom)
Something you can't see is in the way.
You miss something. Something barely misses you.
The orc is struck by your spines.
You kill the orc!
Reach: d) +0 scythe (venom) {polearm}
Press: ? - help, Dir - move target, f/p - frilled lizard
Aim: a frilled lizard (about 87% to evade your +0 scythe of venom)
You miss the frilled lizard.
The frilled lizard is struck by your spines.
You kill the frilled lizard!
Something hits you.
You hear some strange, mumbled words.
A magic dart appears from out of thin air!
The magic dart hits you!
* * * LOW HITPOINT WARNING * * *
The orc priest is struck by your spines.
The orc priest barely misses you. 😨 HP[-10]
You take 10 damage, and now have 18/36 hp.
MASSIVE DAMAGE!! (PAUSE)
The orc priest barely misses you. 😮 HP[+1] It was a potion of haste.
You feel yourself speed up. The orc priest barely misses you.
Something hits you.
* * * LOW HITPOINT WARNING * * *
😨 HP[-3]
You take 3 damage, and now have 16/36 hp.
You barely miss something.
The orc priest hits you from afar with a +0 trident.
* * * LOW HITPOINT WARNING * * *
You hear some strange, mumbled words.
Something tries to affect you, but you resist. 😨 HP[-3]
You take 3 damage, and now have 13/36 hp.
A magic dart appears from out of thin air!
The magic dart hits you.
* * * LOW HITPOINT WARNING * * *
😱 HP[-6]
You take 6 damage, and now have 7/36 hp.
Casting: Sandblast (safe; 5% risk of failure)
Confirm with . or Enter, or press ? or * to list all spells.
Aiming: Passwall (safe; 12% risk of failure)
Press: ? - help, Dir - move target A rock wall.
You begin to meditate on the wall.
You continue meditating on the rock.
The orc priest invokes the aid of Beogh against you.
Beogh smites you!
You die...

Skill      XL: |  1  2  3 |
---------------+----------+-----
Stealth        | 2 3 5 |  5.9
Dodging        | |  1.7
Spellcasting   | |  2.0
Transmutations | |  0.8
Earth Magic    | |  2.6

Action                   |  1- 3 |  4- 6 || total
-------------------------+-------+-------++-------
Melee: Unarmed           |     1 |       ||     1
       Trident           |    18 |       ||    18
       Scythe            |       |    15 ||    15
 Cast: Sandblast         |    34 |     1 ||    35
       Passwall          |     1 |     1 ||     2
  Use: Scroll            |     2 |       ||     2
       Potion            |     2 |     1 ||     3
 Stab: Sleeping          |     2 |     4 ||     6
Armor: Robe              |     4 |     1 ||     5
Dodge: Dodged            |    19 |     6 ||    25
Block: Other             |     4 |     3 ||     7

Levels and vault maps discovered:
D:1:      elethiomel_arrival_infinity_welcomes_careful_drivers,
          layout_loops_ring, hellmonk_ecumenical_altar_dog_temple,
          wad_floor_pattern_2, minmay_shallow_snake_nest
D:2:      layout_loops_ring, serial_shops, nicolae_shop_trees
D:3:      layout_loops_cross, lemuel_round_altar, uniq_jessica, uniq_sigmund

Notes
Turn   | Place    | Note
-------+----------+-------------------------------------------
     0 | D:1      | spaghetti the Demonspawn Earth Elementalist began the quest
                  | for the Orb.
     0 | D:1      | Reached XP level 1. HP: 13/13 MP: 3/3
     0 | D:1      | magus.rc [v1.9.6]
    31 | D:1      | You fall into a shaft and drop 1 floor!
    38 | D:2      | Reached skill level 2 in Stealth
    38 | D:2      | Gained mutation: You regenerate magic rapidly. [demonic
                  | ancestry]
    38 | D:2      | Reached XP level 2. HP: 13/19 MP: 0/5
   261 | D:2      | Reached skill level 3 in Stealth
   654 | D:2      | Reached XP level 3. HP: 19/24 MP: 1/6
   726 | D:2      | Learned a level 2 spell: Passwall
   730 | D:2      | Learned a level 3 spell: Stone Arrow
   796 | D:2      | Found Saolosou's Book Shoppe.
  1065 | D:3      | Noticed Sigmund
  1074 | D:3      | Killed Sigmund
  1075 | D:3      | Reached skill level 5 in Stealth
  1075 | D:3      | Gained mutation: You are partially covered in sharp spines.
                  | [demonic ancestry]
  1075 | D:3      | Reached XP level 4. HP: 30/30 MP: 5/7
  1075 | D:3      | Gained mutation: You are partially covered in rugged brown
                  | scales. (AC +1, +3% HP) [demonic ancestry]
  1075 | D:3      | Reached XP level 5. HP: 30/36 MP: 5/8
  1480 | D:3      | HP: 7/36 [something/magic dart (6)]
  1489 | D:3      | Killed from afar by an orc priest

Vanquished Creatures
  Sigmund (D:3)
  2 adders (D:2)
  4 orcs (D:3)
  3 bats (D:2)
  4 endoplasms
  2 giant cockroaches (D:2)
  3 goblins
  3 hobgoblins (D:2)
  3 jackals (D:2)
  3 ball pythons
  3 frilled lizards (D:3)
  A kobold (D:2)
  A rat (D:3)
33 creatures vanquished.

Table legend:
 A = Non-vault XP
 B = Vault XP
 C = Vault XP percentage of total XP
 D = Non-vault monster count
 E = Vault monster count
 F = Vault count percentage of total count
                 A         B        C        D         E       F
            +---------+---------+-------+---------+---------+-------
      Total |      82 |     223 |  73.1 |      32 |       1 |   3.0
            +---------+---------+-------+---------+---------+-------
        D:1 |       1 |       0 |   0.0 |       1 |       0 |   0.0
        D:2 |      61 |       0 |   0.0 |      21 |       0 |   0.0
        D:3 |      20 |     223 |  91.8 |      10 |       1 |   9.1
            +---------+---------+-------+---------+---------+-------

Illustrated notes

Table legend:
 A = Kills in this place as a percentage of kills in entire the game.
 B = Kills by you in this place as a percentage of kills by you in the entire game.
 C = Kills by friends in this place as a percentage of kills by friends in the entire game.
 D = Other kills in this place as a percentage of other kills in the entire game.
 E = Experience gained in this place as a percentage of experience gained in the entire game.
 F = Experience gained in this place divided by the number of levels of this place that you have seen.
                   A       B       C       D       E      F
               +-------+-------+-------+-------+-------+----------------------
         Total | 100.0 | 100.0 |   N/A |   N/A | 100.0 | 101.7
       Dungeon | 100.0 | 100.0 |   N/A |   N/A | 100.0 | 101.7
               +-------+-------+-------+-------+-------+----------------------

Table legend: (Time is in decaauts)
 A = Elapsed time spent in this place.
 B = Non-inter-level travel time spent in this place.
 C = Inter-level travel time spent in this place.
 D = Time resting spent in this place.
 E = Time spent auto-exploring this place.
 F = Levels seen in this place.
 G = Mean time per level.
                   A        B        C        D        E       F      G
               +--------+--------+--------+--------+--------+-----+--------+
         Total |   1505 |   1484 |     21 |    382 |    846 |   3 |  501.7 |
       Dungeon |   1505 |   1484 |     21 |    382 |    846 |   3 |  501.7 |
               +--------+--------+--------+--------+--------+-----+--------+

Top non-repeatable levels by time:
     D:2: 1029 daAuts
     D:3: 439 daAuts
     D:1: 36 daAuts
